[ AOE2 MATCH · #506581948 ]
UnrankedKhmer vs Sicilians
Player's team · WIN
Rival team · LOSS
[ REPLAY ANALYSIS · EXTRACTED FROM THE RECORDED GAME ]
Feudal
9:28
Castle
22:26
Imperial
32:15
| APM avg | 40.6 |
| APM peak | 94 |
| eAPM avg | 15.3 |
| Villagers / military | 55 / 53 |
Focus
⚔️ 30.0% · 🌾 70.0%
Archer ×47 · Knight ×3 · Battering Ram ×3
Feudal
9:01
Castle
26:36
Imperial
—
| APM avg | 65.1 |
| APM peak | 111 |
| eAPM avg | 28.5 |
| Villagers / military | 65 / 11 |
Focus
⚔️ 20.6% · 🌾 79.4%
Serjeant ×7 · Mangonel ×3 · Monk ×1
Match map
Initial resources + every placement click. Lines = walls · curves = elevation contours. ◆ gold · ⬟ stone · ● berries · ✦ relic · ◌ wall gap
Your base· Open — 6t gap
009's base· Open — unwalled flank
Smoothed initial terrain · ◌ = detected wall gap · hover for details
Inputs per minute
— Super Noob - - 009
Build order — Super Noob
First 150 of 184 actions detected
| 0:01 | Queue | Villager (Male) |
| 0:01 | Queue | Villager (Male) |
| 0:02 | Queue | Villager (Male) |
| 0:02 | Queue | Villager (Male) |
| 0:03 | Build | House |
| 0:05 | Build | House |
| 1:27 | Queue | Villager (Male) |
| 2:06 | Queue | Villager (Male) |
| 2:23 | Queue | Villager (Male) |
| 2:32 | Build | Lumber Camp |
| 2:50 | Queue | Villager (Male) |
| 3:20 | Queue | Villager (Male) |
| 3:20 | Queue | Villager (Male) |
| 3:31 | Build | House |
| 3:55 | Queue | Villager (Male) |
| 4:25 | Queue | Villager (Male) |
| 4:37 | Queue | Villager (Male) |
| 4:49 | Build | Mill |
| 5:16 | Queue | Villager (Male) |
| 5:49 | Research | Loom |
| 6:21 | Queue | Villager (Male) |
| 6:30 | Build | Farm |
| 6:43 | Queue | Villager (Male) |
| 6:53 | Build | Mining Camp |
| 7:18 | Research | Feudal Age |
| 7:58 | Build | Lumber Camp |
| 8:09 | Build | Palisade Wall |
| 8:28 | Build | House |
| 8:44 | Build | Palisade Wall |
| 8:49 | Queue | Villager (Male) |
| 9:01 | Build | Palisade Wall |
| 9:09 | Queue | Villager (Male) |
| 9:16 | Build | House |
| 9:28 | Age | Feudal Age |
| 9:36 | Build | Archery Range |
| 9:42 | Build | Palisade Wall |
| 9:58 | Build | Palisade Wall |
| 9:59 | Build | Palisade Wall |
| 10:03 | Build | Lumber Camp |
| 10:12 | Queue | Villager (Male) |
| 10:17 | Build | Palisade Wall |
| 10:28 | Queue | Villager (Male) |
| 10:35 | Build | Palisade Wall |
| 10:39 | Queue | Archer |
| 10:39 | Queue | Archer |
| 10:54 | Build | House |
| 11:02 | Build | House |
| 11:22 | Queue | Villager (Male) |
| 11:35 | Build | House |
| 11:41 | Queue | Villager (Male) |
| 11:44 | Queue | Archer |
| 11:53 | Build | Palisade Wall |
| 12:01 | Queue | Villager (Male) |
| 12:03 | Build | House |
| 12:05 | Build | Palisade Wall |
| 12:12 | Build | House |
| 12:13 | Build | Palisade Wall |
| 12:18 | Queue | Archer |
| 12:19 | Queue | Villager (Male) |
| 12:31 | Build | Palisade Wall |
| 12:33 | Queue | Villager (Male) |
| 12:34 | Build | Farm |
| 12:43 | Build | Palisade Wall |
| 12:46 | Build | Palisade Wall |
| 12:50 | Queue | Villager (Male) |
| 12:51 | Build | Farm |
| 12:52 | Build | Farm |
| 12:54 | Queue | Villager (Male) |
| 12:55 | Build | Mining Camp |
| 13:06 | Queue | Archer |
| 13:13 | Queue | Villager (Male) |
| 13:32 | Build | Blacksmith |
| 13:37 | Queue | Villager (Male) |
| 13:39 | Build | Farm |
| 13:46 | Queue | Villager (Male) |
| 13:59 | Queue | Archer |
| 14:22 | Build | House |
| 14:24 | Research | Fletching |
| 14:30 | Build | Farm |
| 14:33 | Queue | Archer |
| 14:45 | Queue | Villager (Male) |
| 14:47 | Build | Farm |
| 14:49 | Build | Farm |
| 15:00 | Queue | Archer |
| 15:31 | Queue | Villager (Male) |
| 15:32 | Build | House |
| 15:37 | Queue | Archer |
| 15:51 | Queue | Archer |
| 16:14 | Queue | Villager (Male) |
| 16:25 | Queue | Archer |
| 16:33 | Build | Archery Range |
| 16:37 | Queue | Villager (Male) |
| 16:49 | Research | Double-Bit Axe |
| 16:54 | Build | Farm |
| 17:00 | Build | House |
| 17:12 | Queue | Archer |
| 17:13 | Queue | Villager (Male) |
| 17:17 | Build | Farm |
| 17:27 | Queue | Archer |
| 17:33 | Queue | Archer |
| 17:34 | Queue | Archer |
| 17:36 | Queue | Villager (Male) |
| 17:43 | Build | Market |
| 17:53 | Queue | Villager (Male) |
| 17:55 | Build | Farm |
| 18:24 | Queue | Archer |
| 18:25 | Queue | Archer |
| 18:29 | Queue | Villager (Male) |
| 18:56 | Queue | Villager (Male) |
| 19:08 | Queue | Villager (Male) |
| 19:10 | Queue | Archer |
| 19:19 | Build | House |
| 19:43 | Research | Castle Age |
| 19:50 | Queue | Archer ×2 |
| 19:55 | Build | House |
| 20:27 | Queue | Archer ×2 |
| 20:31 | Build | House |
| 21:04 | Queue | Archer |
| 21:05 | Queue | Archer |
| 21:21 | Research | Gold Mining |
| 21:37 | Queue | Archer |
| 21:38 | Queue | Archer |
| 21:42 | Build | House |
| 21:55 | Queue | Archer |
| 21:55 | Queue | Archer |
| 22:19 | Queue | Villager (Male) |
| 22:26 | Age | Castle Age |
| 22:32 | Build | University |
| 22:42 | Research | Bodkin Arrow |
| 22:45 | Build | Lumber Camp |
| 22:52 | Research | Crossbowman (upgrade) |
| 22:54 | Queue | Villager (Male) |
| 22:59 | Build | Siege Workshop |
| 23:01 | Queue | Villager (Male) |
| 23:08 | Queue | Archer ×2 |
| 23:14 | Build | Farm |
| 23:37 | Queue | Battering Ram |
| 23:44 | Build | House |
| 23:51 | Research | Ballistics |
| 23:55 | Build | Farm |
| 23:57 | Queue | Villager (Male) |
| 24:10 | Queue | Villager (Male) |
| 24:13 | Queue | Archer ×3 |
| 24:26 | Build | House |
| 24:34 | Queue | Villager (Male) |
| 24:43 | Research | Town Watch |
| 24:47 | Queue | Battering Ram |
| 24:56 | Queue | Archer ×2 |
| 24:59 | Queue | Villager (Male) |
| 25:05 | Build | House |
Build order — 009
First 150 of 160 actions detected
| 0:01 | Queue | Villager (Male) |
| 0:01 | Queue | Villager (Male) |
| 0:03 | Build | House |
| 0:05 | Build | House |
| 0:12 | Queue | Villager (Male) |
| 0:12 | Queue | Villager (Male) |
| 0:12 | Queue | Villager (Male) |
| 1:38 | Queue | Villager (Male) |
| 1:38 | Queue | Villager (Male) |
| 2:07 | Queue | Villager (Male) |
| 2:07 | Queue | Villager (Male) |
| 2:19 | Queue | Villager (Male) |
| 2:20 | Queue | Villager (Male) |
| 2:29 | Build | Lumber Camp |
| 2:35 | Build | House |
| 2:46 | Queue | Villager (Male) |
| 2:46 | Queue | Villager (Male) |
| 3:01 | Queue | Villager (Male) |
| 3:02 | Queue | Villager (Male) |
| 3:40 | Queue | Villager (Male) |
| 3:40 | Queue | Villager (Male) |
| 4:03 | Queue | Villager (Male) |
| 4:03 | Queue | Villager (Male) |
| 4:35 | Queue | Villager (Male) |
| 4:41 | Queue | Villager (Male) |
| 5:08 | Build | Mill |
| 5:31 | Research | Loom |
| 5:31 | Research | Loom |
| 6:00 | Queue | Villager (Male) |
| 6:51 | Research | Feudal Age |
| 6:51 | Research | Feudal Age |
| 6:51 | Research | Feudal Age |
| 7:23 | Build | House |
| 7:24 | Build | House |
| 8:04 | Queue | Villager (Male) |
| 8:51 | Build | Donjon |
| 9:01 | Age | Feudal Age |
| 9:36 | Queue | Serjeant |
| 9:37 | Queue | Serjeant |
| 10:06 | Queue | Serjeant |
| 10:22 | Queue | Villager (Male) |
| 10:22 | Queue | Villager (Male) |
| 10:53 | Queue | Villager (Male) |
| 10:53 | Queue | Villager (Male) |
| 11:02 | Build | Mining Camp |
| 11:28 | Queue | Villager (Male) |
| 11:28 | Queue | Villager (Male) |
| 12:26 | Queue | Villager (Male) |
| 12:54 | Build | Donjon |
| 13:06 | Queue | Villager (Male) |
| 13:06 | Queue | Villager (Male) |
| 13:15 | Build | Palisade Wall |
| 13:22 | Build | Palisade Wall |
| 13:24 | Queue | Villager (Male) |
| 13:36 | Build | Lumber Camp |
| 13:42 | Queue | Villager (Male) |
| 13:53 | Queue | Villager (Male) |
| 14:00 | Build | Palisade Wall |
| 14:03 | Build | House |
| 14:29 | Research | Town Watch |
| 14:29 | Research | Town Watch |
| 14:37 | Build | Donjon |
| 14:40 | Queue | Villager (Male) |
| 14:41 | Queue | Villager (Male) |
| 14:43 | Build | Farm |
| 14:44 | Build | Farm |
| 15:23 | Queue | Villager (Male) |
| 15:23 | Queue | Villager (Male) |
| 15:27 | Build | Palisade Wall |
| 15:28 | Build | Palisade Wall |
| 15:31 | Build | Palisade Wall |
| 15:32 | Build | Palisade Wall |
| 15:33 | Queue | Villager (Male) |
| 15:46 | Build | Mill |
| 16:20 | Build | Farm |
| 16:22 | Queue | Villager (Male) |
| 17:11 | Queue | Serjeant |
| 17:18 | Build | House |
| 17:37 | Build | Donjon |
| 17:43 | Queue | Villager (Male) |
| 17:43 | Queue | Villager (Male) |
| 17:44 | Queue | Villager (Male) |
| 17:59 | Build | Palisade Wall |
| 18:03 | Research | Horse Collar |
| 18:04 | Research | Horse Collar |
| 18:07 | Build | Farm |
| 18:09 | Build | Farm |
| 18:16 | Build | Market |
| 18:35 | Build | Blacksmith |
| 18:36 | Queue | Villager (Male) |
| 18:36 | Queue | Villager (Male) |
| 18:40 | Build | House |
| 19:25 | Build | Mining Camp |
| 19:28 | Queue | Villager (Male) |
| 19:28 | Queue | Villager (Male) |
| 19:48 | Build | Lumber Camp |
| 19:49 | Queue | Villager (Male) |
| 20:01 | Build | Farm |
| 20:02 | Build | Farm |
| 20:07 | Build | Farm |
| 20:07 | Queue | Villager (Male) |
| 20:17 | Build | House |
| 20:23 | Build | House |
| 20:39 | Build | Donjon |
| 20:49 | Queue | Villager (Male) |
| 20:49 | Queue | Villager (Male) |
| 20:59 | Build | Farm |
| 21:00 | Build | Farm |
| 21:05 | Build | Farm |
| 21:43 | Build | Farm |
| 21:44 | Build | Farm |
| 21:45 | Build | Farm |
| 21:55 | Build | House |
| 21:56 | Build | House |
| 22:00 | Build | Farm |
| 22:03 | Build | Farm |
| 22:05 | Build | Farm |
| 22:23 | Queue | Villager (Male) |
| 22:43 | Queue | Serjeant |
| 22:58 | Build | Farm |
| 23:04 | Build | Farm |
| 23:56 | Research | Castle Age |
| 23:56 | Research | Castle Age |
| 24:38 | Build | Farm |
| 24:38 | Build | Farm |
| 24:59 | Research | Double-Bit Axe |
| 25:08 | Queue | Serjeant |
| 26:03 | Queue | Serjeant |
| 26:11 | Build | House |
| 26:28 | Research | Fletching |
| 26:28 | Research | Fletching |
| 26:36 | Age | Castle Age |
| 26:41 | Build | Siege Workshop |
| 26:49 | Research | Scale Mail Armor |
| 27:07 | Queue | Mangonel |
| 27:13 | Build | Donjon |
| 27:40 | Queue | Villager (Male) |
| 27:40 | Queue | Villager (Male) |
| 28:23 | Queue | Mangonel |
| 28:29 | Queue | Mangonel |
| 28:32 | Queue | Villager (Male) |
| 28:32 | Queue | Villager (Male) |
| 28:58 | Build | Town Center |
| 29:05 | Build | Farm |
| 29:09 | Queue | Villager (Male) |
| 29:09 | Queue | Villager (Male) |
| 29:14 | Research | Heavy Plow |
| 30:03 | Build | Monastery |
| 30:08 | Queue | Villager (Male) |
| 30:08 | Queue | Villager (Male) |
Match timeline
| 8:09 | Super Noob · wall_segment Palisade Wall x4 |
| 8:44 | Super Noob · wall_segment Palisade Wall x7 |
| 8:51 | 009 · first_building Donjon |
| 9:01 | 009 · age_up feudal |
| 9:01 | Super Noob · wall_segment Palisade Wall x3 |
| 9:28 | Super Noob · age_up feudal |
| 9:36 | Super Noob · first_building Archery Range |
| 9:42 | Super Noob · wall_segment Palisade Wall x1 |
| 9:58 | Super Noob · wall_segment Palisade Wall x1 |
| 9:59 | Super Noob · wall_segment Palisade Wall x1 |
| 10:17 | Super Noob · wall_segment Palisade Wall x1 |
| 10:35 | Super Noob · wall_segment Palisade Wall x1 |
| 11:53 | Super Noob · wall_segment Palisade Wall x1 |
| 12:05 | Super Noob · wall_segment Palisade Wall x1 |
| 12:13 | Super Noob · wall_segment Palisade Wall x1 |
| 12:31 | Super Noob · wall_segment Palisade Wall x1 |
| 12:43 | Super Noob · wall_segment Palisade Wall x1 |
| 12:46 | Super Noob · wall_segment Palisade Wall x1 |
| 13:15 | 009 · wall_segment Palisade Wall x5 |
| 13:22 | 009 · wall_segment Palisade Wall x6 |
| 14:00 | 009 · wall_segment Palisade Wall x1 |
| 15:27 | 009 · wall_segment Palisade Wall x1 |
| 15:28 | 009 · wall_segment Palisade Wall x1 |
| 15:31 | 009 · wall_segment Palisade Wall x1 |
| 15:32 | 009 · wall_segment Palisade Wall x1 |
| 17:59 | 009 · wall_segment Palisade Wall x3 |
| 19:24 | Super Noob · first_market_buy 100 food |
| 19:26 | Super Noob · first_market_sell 100 wood |
| 22:26 | Super Noob · age_up castle |
| 22:34 | 009 · first_market_buy 100 food |
| 22:59 | Super Noob · first_building Siege Workshop |
| 26:36 | 009 · age_up castle |
| 26:41 | 009 · first_building Siege Workshop |
| 27:37 | Super Noob · first_building Monastery |
| 29:17 | Super Noob · first_building Stable |
| 30:03 | 009 · first_building Monastery |
| 31:34 | 009 · first_building Stable |
| 31:54 | Super Noob · first_building Castle |
| 32:15 | Super Noob · age_up imperial |
| 32:52 | 009 · resign |
[ AI ANALYSIS · 1 CREDIT ]
What really happened in this match?
Wolo.gg analyzes every decision: build order, eco, micro, common mistakes by bracket. Personalized analysis on WhatsApp or Discord in 30 seconds.
Civ guide
Khmer
Perfil
Jugador #2921914